 Dungeon Crawl Stone Soup version 0.18.1-50-g88ac8fd (webtiles) character file.

876 GFox the Archer (level 7, -1/45 HPs)
             Began as a High Elf Hunter on Sept 13, 2016.
             Slain by smzp's ghost (15 damage)
             ... on level 5 of the Dungeon on Sept 14, 2016.
             The game lasted 00:44:45 (4087 turns).

GFox the Archer (High Elf Hunter)                   Turns: 4087, Time: 00:44:45

Health: -1/45      AC:  6    Str: 11    XL:     7   Next: 74%
Magic:  8/8        EV: 14    Int: 15    God:
Gold:   245        SH:  0    Dex: 18    Spells: 0 memorised, 6 levels left

rFire  . . .     SeeInvis .     a - +1 shortbow
rCold  . . .     Gourm    .     l - +3 leather armour
rNeg   . . .     Faith    .     (shield currently unavailable)
rPois  .         Spirit   .     (no helmet)
rElec  .         Dismiss  .     (no cloak)
rCorr  .         Reflect  .     (no gloves)
SustAt .         Harm     .     (no boots)
MR     .....                    (no amulet)
Stlth  ++........               (no ring)
                                s - ring of flight

@: not resistant to hostile enchantments, unstealthy
A: no striking features
a: Evoke Flight


You were on level 5 of the Dungeon.
You were not hungry.

You visited 1 branch of the dungeon, and saw 5 of its levels.

You collected 245 gold pieces.

Inventory:

Hand Weapons
 a - a +1 shortbow (weapon)
 b - a +0 short sword
Missiles
 d - 22 arrows (quivered)
Armour
 e - a +0 cloak
 l - a +3 leather armour (worn)
Jewellery
 s - a ring of flight (left hand)
Wands
 m - a wand of random effects (18/48)
Scrolls
 h - a scroll of identify
 j - a scroll of teleportation
 o - a scroll of remove curse {unknown}
 r - a scroll of fog {unknown}
 u - a scroll of recharging
Potions
 g - a potion of berserk rage {unknown}
 k - 2 potions of agility
 n - a potion of curing {unknown}
 q - a potion of cancellation {unknown}
 w - a potion of degeneration {unknown}
 x - a potion of magic {unknown}
Comestibles
 c - a slice of pizza
 f - 2 bread rations
 i - 2 fruits
 p - 2 meat rations
 t - 6 chunks of flesh


   Skills:
 + Level 2.6 Fighting
 + Level 11.1 Bows
 + Level 1.5 Armour
 + Level 3.8 Dodging
 + Level 2.2 Stealth


You had 6 spell levels left.
You didn't know any spells.

Dungeon Overview and Level Annotations

Branches:
Dungeon (5/15)
 Temple: D:4-7

Altars:
Cheibriados
Dithmenos
Fedhas
Gozag
Kikubaaqudgha
Qazlal
Vehumet
Xom
Yredelemnul

Annotations:
D:5 smzp's ghost, novice FoFi


Message History

Press: ? - help, Shift-Dir - straight line, f/p - smzp's ghost
Aim: smzp's ghost (lightly damaged)
You shoot an arrow.
The arrow hits smzp's ghost but does no damage.
Smzp's ghost is lightly damaged.
Smzp's ghost hits you!
* * * LOW HITPOINT WARNING * * *
There is a stone staircase leading down here.
Firing (i - inventory):
d - 24 arrows (quivered)
Press: ? - help, Shift-Dir - straight line, f/p - smzp's ghost
Aim: smzp's ghost (lightly damaged)
You shoot an arrow. The arrow hits smzp's ghost.
Smzp's ghost is moderately damaged.
Smzp's ghost misses you.
Firing (i - inventory):
d - 23 arrows (quivered)
Press: ? - help, Shift-Dir - straight line, f/p - smzp's ghost
Aim: smzp's ghost (moderately damaged)
You shoot an arrow. The arrow barely misses smzp's ghost.
Smzp's ghost hits you!
You die...

#..# #. #<#.#.# .# #..#
.###.....# .# .. #..# #..#
..#.#.#.# .# .. #..# #..#
#.#.#.#.# .# ##..## #..# #..#
###.#.#(#.###.# ...... #..# #..#
#.............. #..#.##..# #..#
#.#.#.#...#####
##........####..###.#.#.###.#####
................@W(((..(.........
....#...............#.#..########
....#.##.##.....##..#.#..#
..o.#.##.#####..###.#.#..#
#.#.#.##.# #..'_#.#(#..#
#.#.#.##.#####..###......#
.............#..##.......#
#.#.#(.(........##..#.#..######
.(......(..#.#..##...(.........#


You could see smzp's ghost.

Vanquished Creatures
  A sky beast (D:5)
  An ogre (D:4)
  2 phantoms (D:4)
  A scorpion (D:4)
  3 vampire bats (D:4)
  A centaur zombie (D:3)
  Crazy Yiuf (D:2)
  Terence (D:2)
  A worker ant (D:4)
  A killer bee zombie (D:5)
  6 gnolls (D:2)
  3 adders
  3 shadow imps (D:5)
  3 oozes
  4 worms (D:2)
  A dart slug (D:1)
  2 giant geckos (D:1)
  9 orcs
  3 bat skeletons (D:4)
  2 bat zombies (D:4)
  4 giant cockroaches
  7 hobgoblins
  2 jackals (D:4)
  4 quokkas
  A ball python (D:2)
  A ball python skeleton (D:4)
  9 bats
  6 giant newts
  6 goblins
  10 kobolds
  A quokka skeleton (D:4)
  A quokka zombie (D:5)
  8 rats
  A butterfly (D:2)
110 creatures vanquished.

Notes
Turn   | Place    | Note
--------------------------------------------------------------
     0 | D:1      | GFox the High Elf Hunter began the quest for the Orb.
     0 | D:1      | Reached XP level 1. HP: 14/14 MP: 2/2
   168 | D:1      | Reached XP level 2. HP: 19/19 MP: 3/3
   255 | D:1      | Reached skill level 6 in Bows
   312 | D:1      | Reached XP level 3. HP: 24/24 MP: 4/4
   680 | D:2      | Reached skill level 7 in Bows
   685 | D:2      | Reached XP level 4. HP: 4/29 MP: 5/5
   976 | D:2      | Noticed Crazy Yiuf
   982 | D:2      | Killed Crazy Yiuf
  1093 | D:2      | Found a blossoming altar of Fedhas.
  1300 | D:2      | Noticed Terence
  1305 | D:2      | Killed Terence
  1305 | D:2      | Reached XP level 5. HP: 31/34 MP: 6/6
  1317 | D:2      | Found a shimmering altar of Xom.
  1646 | D:2      | Reached skill level 8 in Bows
  2035 | D:3      | Found an opulent altar of Gozag.
  2048 | D:3      | Found a basalt altar of Yredelemnul.
  2217 | D:3      | Found a snail-covered altar of Cheibriados.
  2884 | D:4      | Reached skill level 1 in Armour
  2884 | D:4      | Reached XP level 6. HP: 29/39 MP: 7/7
  3032 | D:4      | Reached skill level 9 in Bows
  3127 | D:4      | Found a stormy altar of Qazlal.
  3274 | D:4      | Reached XP level 7. HP: 30/45 MP: 8/8
  3361 | D:4      | Found a shadowy altar of Dithmenos.
  3411 | D:4      | Reached skill level 10 in Bows
  3555 | D:4      | Found an ancient bone altar of Kikubaaqudgha.
  3744 | D:5      | Entered Level 5 of the Dungeon
  3814 | D:5      | Found a radiant altar of Vehumet.
  3862 | D:5      | Reached skill level 11 in Bows
  4043 | D:5      | Noticed smzp's ghost (novice FoFi)
  4087 | D:5      | Slain by smzp's ghost

Skill      XL: |  1  2  3  4  5  6  7 |
---------------+----------------------+-----
Bows           | 6 7 8 9 11 | 11.1
Stealth        | 2 |  2.2
Armour         | 1 |  1.5
Dodging        | 3 |  3.8
Fighting       | |  2.6

Action                   |  1- 3 |  4- 6 |  7- 9 || total
-------------------------+-------+-------+-------++-------
Melee: Shortbow          |       |       |     1 ||     1
 Fire: Shortbow          |    93 |   192 |   121 ||   406
Evoke: Wand              |       |       |     1 ||     1
  Use: Scroll            |     3 |       |     1 ||     4
       Potion            |       |       |     2 ||     2
  Eat: Chunk             |       |     7 |       ||     7
       Meat ration       |       |       |     1 ||     1
Armor: Leather armour    |     9 |     9 |    35 ||    53
Dodge: Dodged            |    21 |    29 |    69 ||   119
